 Dungeon Crawl Stone Soup version 0.27-a0-1105-g946c659c87 (webtiles) character file.

Game seed: 5363028590979307739

90 flotson the Covert (level 4, -3/41 HPs)
             Began as a Gnoll Delver on Apr 29, 2021.
             Slain by Robin
             ... wielding a +2 vampiric dagger
              (4 damage)
             ... on level 2 of the Dungeon.
             The game lasted 00:03:28 (1857 turns).

flotson the Covert (Gnoll Delver)                   Turns: 1857, Time: 00:03:29

Health: -3/41      AC:  7    Str: 12    XL:     4   Next: 56%
Magic:  5/5        EV: 10    Int: 16    God:
Gold:   207        SH:  0    Dex: 13    Spells: 1/5 levels left

rFire    . . .     SeeInvis .   q - +0 dagger (venom)
rCold    . . .     Faith    .   (no shield)
rNeg     . . .     Spirit   .   p - +0 scale mail
rPois    .         Reflect  .   (no helmet)
rElec    .         Harm     .   (no cloak)
rCorr    .         Rampage  .   l - +0 pair of gloves
Will     .....                  (no boots)
Stlth    +++.......             (no amulet)
HPRegen  0.13/turn              b - +6 ring of intelligence
MPRegen  0.09/turn              (no ring)

@: hasted, very quick
A: fangs 1, strong nose, distributed training
a: no special abilities


You were on level 2 of the Dungeon.
You visited 1 branch of the dungeon, and saw 5 of its levels.

You collected 207 gold pieces.

Inventory:

Hand Weapons
 a - a +0 spear
 e - a +0 war axe
 q - a +0 dagger of venom (weapon)
 s - a +0 quarterstaff
Missiles
 u - 4 poisoned darts (quivered)
Armour
 l - a +0 pair of gloves (worn)
 p - a +0 scale mail (worn)
Jewellery
 b - a +6 ring of intelligence (left hand)
Wands
 g - a wand of digging (3)
 k - a wand of iceblast (14)
Scrolls
 c - 2 scrolls of fog
 d - a scroll of magic mapping
 h - a scroll of blinking {unknown}
 j - 3 scrolls of identify {unknown}
 m - a scroll of enchant armour {unknown}
 o - a scroll of teleportation {unknown}
 r - 3 scrolls of amnesia {unknown}
 x - a scroll of immolation {unknown}
Potions
 i - a potion of ambrosia {unknown}
 n - 2 potions of heal wounds {unknown}
 t - a potion of invisibility {unknown}
 v - a potion of lignification {unknown}
 w - a potion of mutation {unknown}


   Skills:
 + Level 6.6 Fighting
 + Level 1.2 Short Blades
 + Level 1.2 Long Blades
 + Level 1.2 Axes
 + Level 1.2 Maces & Flails
 + Level 4.6 Polearms
 + Level 1.2 Staves
 + Level 1.2 Slings
 + Level 1.2 Bows
 + Level 1.2 Crossbows
 + Level 1.2 Throwing
 + Level 1.2 Armour
 + Level 4.6 Dodging
 + Level 9.6 Stealth
 + Level 1.2 Shields
 + Level 1.2 Unarmed Combat
 + Level 1.2 Spellcasting
 + Level 1.0 Conjurations
 + Level 1.0 Hexes
 + Level 1.0 Summonings
 + Level 1.0 Necromancy
 + Level 1.0 Translocations
 + Level 1.0 Transmutations
 + Level 1.0 Fire Magic
 + Level 1.0 Ice Magic
 + Level 1.0 Air Magic
 + Level 1.0 Earth Magic
 + Level 1.0 Poison Magic
 + Level 1.3 Invocations
 + Level 1.2 Evocations


You had one spell level left.
You knew the following spells:

 Your Spells              Type           Power      Damage    Failure   Level
a - Blink                 Tloc           N/A        N/A       77%         2
b - Call Imp              Summ           4%         N/A       77%         2

Your spell library contained the following spells:

 Spells                   Type           Power      Damage    Failure   Level
 Magic Dart               Conj           16%        1d3       63%         1
 Slow                     Hex            4%         N/A       77%         2
 Conjure Flame            Conj/Fire      4%         6-21      94%         3
 Gell's Gravitas          Tloc           2%         N/A       94%         3
 Lesser Beckoning         Tloc           2%         N/A       94%         3
 Mephitic Cloud           Conj/Pois/Air  4%         N/A       94%         3
 Teleport Other           Tloc           4%         N/A       94%         3
 Manifold Assault         Tloc           4%         N/A       100%        5


Dungeon Overview and Level Annotations

Branches:
Dungeon (5/15)
 Temple: D:4-7

Altars:

Annotations:
D:2 Robin
D:4 Sigmund
D:5 Dowan, Duvessa, Ijyb


Innate Abilities, Weirdness & Mutations

You have very sharp teeth.
Your uncanny sense of smell can sniff out nearby items.
Your experience applies equally to all skills.


Message History

You kill the goblin!
Your Conjurations skill increases to level 1!
Your Hexes skill increases to level 1!
Your Summonings skill increases to level 1!
Your Necromancy skill increases to level 1!
Your Translocations skill increases to level 1!
Your Transmutations skill increases to level 1!
Your Fire Magic skill increases to level 1!
Your Ice Magic skill increases to level 1!
Your Air Magic skill increases to level 1!
Your Earth Magic skill increases to level 1!
Your Poison Magic skill increases to level 1!
You hit the hobgoblin but do no damage.
The hobgoblin is poisoned.
The hobgoblin barely misses you.
You barely miss the hobgoblin.
You bite the hobgoblin, but do no damage.
The hobgoblin is moderately wounded.
The hobgoblin closely misses you.
You hit the hobgoblin.
The hobgoblin looks even sicker.
Your bite misses the hobgoblin.
The hobgoblin is heavily wounded.
The hobgoblin barely misses you.
Your scale mail prevents you from hitting the hobgoblin.
The hobgoblin is moderately wounded.
The hobgoblin hits you.
* * * LOW HITPOINT WARNING * * *
You hit the hobgoblin but do no damage.
The hobgoblin looks as sick as possible!
The hobgoblin is almost dead.
You kill the hobgoblin!
You closely miss Robin. Robin hits you but does no damage.
You hit Robin. You bite Robin, but do no damage.
Robin is lightly wounded.
Robin hits you with a +2 vampiric dagger.
* * * LOW HITPOINT WARNING * * *
Okay, then.
Unknown command.
You feel yourself speed up.
Robin hits you with a +2 vampiric dagger.
You die...

#..########...........
#..########.##.#..##.#
#..............#..##.#
#................)....
##.########.#.(.......
#.########.#......#.#
...................
#.########.##.#..##.#
#..)@g).......#......
#.#####..............
##)..##.#..##.#
g..#.##.#... gg..##...
. .g...# #.##. # #..g#
#.# # # ∆ ##.# .# #+
.#


You could see Robin.

Vanquished Creatures
  2 adders (D:2)
  3 dart slugs
  7 bats
  2 endoplasms
  2 giant cockroaches
  14 goblins
  7 hobgoblins
  8 jackals
  3 kobolds (D:1)
  2 ball pythons (D:1)
  4 frilled lizards
  5 rats
59 creatures vanquished.

Notes
Turn   | Place    | Note
-------+----------+-------------------------------------------
     0 | D:5      | Reached skill level 9 in Stealth
     0 | D:5      | flotson the Gnoll Delver began the quest for the Orb.
     0 | D:5      | Reached XP level 1. HP: 23/23 MP: 1/1
   175 | D:5      | Noticed an iguana
   183 | D:5      | Noticed Ijyb
   185 | D:5      | Noticed Dowan
   185 | D:5      | Noticed Duvessa
   186 | D:4      | Noticed Sigmund
   289 | D:3      | Reached XP level 2. HP: 25/29 MP: 2/2
   462 | D:3      | Noticed a killer bee
   569 | D:2      | Found a faded altar of an unknown god.
   611 | D:2      | Reached XP level 3. HP: 22/35 MP: 3/3
   952 | D:1      | Reached skill level 1 in Invocations
  1068 | D:1      | Reached skill level 1 in Short Blades
  1068 | D:1      | Reached skill level 1 in Long Blades
  1068 | D:1      | Reached skill level 1 in Axes
  1068 | D:1      | Reached skill level 1 in Maces & Flails
  1068 | D:1      | Reached skill level 1 in Staves
  1068 | D:1      | Reached skill level 1 in Slings
  1068 | D:1      | Reached skill level 1 in Bows
  1068 | D:1      | Reached skill level 1 in Crossbows
  1068 | D:1      | Reached skill level 1 in Throwing
  1068 | D:1      | Reached skill level 1 in Armour
  1068 | D:1      | Reached skill level 1 in Shields
  1068 | D:1      | Reached skill level 1 in Unarmed Combat
  1068 | D:1      | Reached skill level 1 in Spellcasting
  1068 | D:1      | Reached skill level 1 in Evocations
  1315 | D:1      | Reached XP level 4. HP: 40/41 MP: 5/5
  1772 | D:2      | Learned a level 2 spell: Blink
  1775 | D:2      | Learned a level 2 spell: Call Imp
  1818 | D:2      | Noticed Robin
  1850 | D:2      | Reached skill level 1 in Conjurations
  1850 | D:2      | Reached skill level 1 in Hexes
  1850 | D:2      | Reached skill level 1 in Summonings
  1850 | D:2      | Reached skill level 1 in Necromancy
  1850 | D:2      | Reached skill level 1 in Translocations
  1850 | D:2      | Reached skill level 1 in Transmutations
  1850 | D:2      | Reached skill level 1 in Fire Magic
  1850 | D:2      | Reached skill level 1 in Ice Magic
  1850 | D:2      | Reached skill level 1 in Air Magic
  1850 | D:2      | Reached skill level 1 in Earth Magic
  1850 | D:2      | Reached skill level 1 in Poison Magic
  1856 | D:2      | HP: 1/41 [Robin/+2 vampiric dagger (6)]
  1857 | D:2      | Slain by Robin

Illustrated notes

Levels and vault maps discovered:
D:1:      minmay_arrival_loop, layout_rooms
D:2:      layout_basic, shapermc_ecumenical_altar_venn, grunt_decor_arrowhead,
          uniq_robin
D:3:      layout_rooms, elyvilon_altar_3, uniq_natasha
D:4:      layout_cave_pools, minmay_temple_entry_gardened_gates, serial_shops,
          shop, kennysheep_generic_room_9, uniq_sigmund
D:5:      layout_loops_cross, grunt_temple_overflow_diamond, uniq_duvessa,
          uniq_ijyb

Skill      XL: |  1  2  3  4 |
---------------+-------------+-----
Stealth        | |  9.6
Invocations    | 1 |  1.3
Short Blades   | 1 |  1.2
Long Blades    | 1 |  1.2
Axes           | 1 |  1.2
Maces & Flails | 1 |  1.2
Staves         | 1 |  1.2
Slings         | 1 |  1.2
Bows           | 1 |  1.2
Crossbows      | 1 |  1.2
Throwing       | 1 |  1.2
Armour         | 1 |  1.2
Shields        | 1 |  1.2
Unarmed Combat | 1 |  1.2
Spellcasting   | 1 |  1.2
Evocations     | 1 |  1.2
Conjurations   | 1 |  1.0
Hexes          | 1 |  1.0
Summonings     | 1 |  1.0
Necromancy     | 1 |  1.0
Translocations | 1 |  1.0
Transmutations | 1 |  1.0
Fire Magic     | 1 |  1.0
Ice Magic      | 1 |  1.0
Air Magic      | 1 |  1.0
Earth Magic    | 1 |  1.0
Poison Magic   | 1 |  1.0
Fighting       | |  6.6
Polearms       | |  4.6
Dodging        | |  4.6

Action                   |  1- 3 |  4- 6 || total
-------------------------+-------+-------++-------
Melee: Spear             |    40 |       ||    40
       War axe           |    75 |       ||    75
       Bite              |     5 |     4 ||     9
       Punch             |     1 |       ||     1
       Dagger            |       |    52 ||    52
Throw: Dart              |       |     2 ||     2
  Use: Scroll            |     1 |       ||     1
       Potion            |       |     1 ||     1
 Stab: Sleeping          |    11 |     3 ||    14
       Distracted        |     1 |       ||     1
Armor: Leather armour    |    22 |       ||    22
       Scale mail        |    15 |    31 ||    46
Dodge: Dodged            |    95 |    36 ||   131

Table legend: (Time is in decaauts)
 A = Elapsed time spent in this place.
 B = Non-inter-level travel time spent in this place.
 C = Inter-level travel time spent in this place.
 D = Time resting spent in this place.
 E = Time spent auto-exploring this place.
 F = Levels seen in this place.
 G = Mean time per level.
                   A        B        C        D        E       F      G
               +--------+--------+--------+--------+--------+-----+--------+
         Total |   1882 |   1846 |     36 |      0 |   1357 |   5 |  376.4 |
       Dungeon |   1882 |   1846 |     36 |      0 |   1357 |   5 |  376.4 |
               +--------+--------+--------+--------+--------+-----+--------+

Top non-repeatable levels by time:
     D:2: 740 daAuts
     D:1: 663 daAuts
     D:3: 265 daAuts
     D:5: 185 daAuts
     D:4: 27 daAuts
